 Dungeon Sprint DCSS version 0.23.1 (webtiles) character file.

Game seed: 13568570897444862121

31701 dhn the Severer (level 13, -4/136 HPs)
             Began as a Minotaur Fighter on Mar 16, 2019.
             Killed from afar by a hell hound (31 damage)
             ... with a blast of flame
             ... in the Dungeon (Sprint V: "Ziggurat Sprint").
             The game lasted 00:24:53 (2651 turns).

dhn the Severer (Minotaur Fighter)                  Turns: 2651, Time: 00:24:54

Health: -4/136     AC: 28    Str: 24    XL:     13   Next: 27%
Magic:  2/16       EV: 11    Int:  5    God:
Gold:   0          SH: 30    Dex: 21    Spells: 12/12 levels left

rFire    x . .     SeeInvis .   R - +5 broad axe (drain)
rCold    + . .     Gourm    .   K - +3 large shield
rNeg     . . .     Faith    .   V - +5 shadow dragon scales
rPois    +         Spirit   .   E - +1 hat {MR+}
rElec    .         Reflect  +   l - +0 cloak {rPois}
rCorr    .         Harm     .   a - +1 pair of gloves {Str+3}
MR       +++..     NoTele   +   (no boots)
Stlth    +++++.....             q - +3 amulet of reflection
HPRegen  0.32/turn              x - +6 ring of dexterity
MPRegen  0.15/turn              c - ring "Ukhevuu" {rF- rC+ MR++}

@: very slightly contaminated
A: retaliatory headbutt, horns 2
a: no special abilities


You were in the Dungeon.
You were not hungry.

You visited 1 branch

Inventory:

Hand Weapons
 i - the +8 broad axe of Big Damage {flame, -Tele rElec MP+9 SInv}
   (You found it in the Dungeon)

   It has been specially enchanted to burn those struck by it, causing extra
   injury to most foes and up to half again as much damage against particularly
   susceptible opponents.
   Big, fiery blades are also staple armaments of hydra-hunters.
   It insulates you from electricity.
   It affects your magic capacity (+9).
   It lets you see invisible.
   It prevents most forms of teleportation.
 G - the cursed +14 obsidian axe {chop, +Fly SInv *Curse}
   (You found it in the Dungeon)

   It inflicts extra damage upon your enemies.
   It lets you see invisible.
   It lets you fly.
   It curses itself when equipped.
   It has a curse placed upon it.
 R - a +5 broad axe of draining (weapon)
 S - a +5 executioner's axe
 T - a +5 demon trident
 U - the +8 war axe of the Eternal Warrior {protect, rPois rN+}
   (You found it in the Dungeon)

   It protects the one who uses it against injury (+AC on strike).
   It protects you from poison.
   It protects you from negative energy.
Armour
 a - a +1 pair of gloves of strength (worn)
 l - a +0 cloak of poison resistance (worn)
 E - a +1 hat of magic resistance (worn)
 H - the +15 Maxwell's patent armour {-Cast -Tele rElec MR+ rCorr}
   (You found it in the Dungeon)

   It insulates you from electricity.
   It affects your resistance to hostile enchantments.
   It prevents spellcasting.
   It prevents most forms of teleportation.
   It provides partial protection from all sources of acid and corrosion.
 I - the +18 shield of the Gong {rElec rN+ MR+ EV-5}
   (You found it in the Dungeon)

   It affects your evasion (-5).
   It insulates you from electricity.
   It protects you from negative energy.
   It affects your resistance to hostile enchantments.
 K - a +3 large shield (worn)
 L - a +3 shield
 M - a +5 crystal plate armour
 N - a +10 plate armour of ponderousness
 P - a +5 plate armour
 V - +5 shadow dragon scales (worn)
Jewellery
 c - the ring "Ukhevuu" (right hand) {rF- rC+ MR++}
   (You found it in the Dungeon)

   [ring of protection from cold]

   It makes you vulnerable to fire.
   It protects you from cold.
   It affects your resistance to hostile enchantments.
 q - a +3 amulet of reflection (around neck)
 w - a +6 ring of dexterity
 x - a +6 ring of dexterity (left hand)
 y - a +6 ring of intelligence
 z - a +6 ring of intelligence
 A - a +6 ring of strength
 B - a +6 ring of strength
 J - a +4 ring of protection
 W - the ring of Vehumet's Envy {rElec rPois MR+ Dex-2 Slay+2}
   (You found it in the Dungeon)

   [ring of poison resistance]

   It affects your dexterity (-2).
   It affects your accuracy and damage with ranged weapons and melee attacks
   (+2).
   It insulates you from electricity.
   It protects you from poison.
   It affects your resistance to hostile enchantments.
 Z - a +4 ring of evasion
Wands
 C - a wand of disintegration (7)
 D - a wand of iceblast (8)
Scrolls
 k - 2 scrolls of blinking
 r - 6 scrolls of fog
 u - 5 scrolls of remove curse
 v - 2 scrolls of fear
 F - 4 scrolls of identify
Potions
 d - 6 potions of might
 e - 9 potions of curing
 g - a potion of heal wounds
 h - 10 potions of haste
 j - 3 potions of berserk rage
 m - 2 potions of invisibility
 n - 4 potions of resistance
 o - a potion of experience
 p - 5 potions of agility
 Q - 2 potions of mutation
Miscellaneous
 t - a phial of floods
 O - a fan of gales
 X - 4 sacks of spiders
 Y - 2 phantom mirrors
Comestibles
 f - 5 rations


   Skills:
 + Level 18.5 Fighting
 + Level 20.8 Axes
 + Level 17.1 Armour
 + Level 3.7 Dodging
 + Level 6.9 Stealth
 + Level 20.8 Shields
 + Level 6.4 Evocations


You had 12 spell levels left.
You didn't know any spells.
Your spell library contained the following spells:

 Spells                   Type           Power        Failure   Level  Hunger
 Animate Skeleton         Necr           N/A          98%         1    ##.....
 Apportation              Tloc           #.....       98%         1    ##.....
 Confusing Touch          Hex            #.....       98%         1    ##.....
 Flame Tongue             Conj/Fire      #....        98%         1    ##.....
 Sandblast                Erth           #.....       98%         1    ##.....
 Summon Small Mammal      Summ           #...         98%         1    ##.....
 Ensorcelled Hibernation  Hex/Ice        #.....       99%         2    ###....
 Passwall                 Tmut/Erth      #.......     99%         2    ###....
 Shroud of Golubria       Chrm/Tloc      #.........   99%         2    ###....
 Swiftness                Chrm/Air       #.......     99%         2    ###....
 Throw Flame              Conj/Fire      #.....       99%         2    ###....
 Inner Flame              Hex/Fire       #.......     100%        3    ####...
 Mephitic Cloud           Conj/Pois/Air  #.......     100%        3    ####...
 Recall                   Summ/Tloc      N/A          100%        3    ####...
 Animate Dead             Necr           N/A          100%        4    #####..
 Cause Fear               Hex            #.........   100%        4    #####..
 Fulminant Prism          Conj/Hex       #.........   100%        4    #####..
 Petrify                  Tmut/Erth      #.......     100%        4    #####..
 Aura of Abjuration       Summ           #.........   100%        5    ######.
 Bolt of Magma            Conj/Fire/Erth #.........   100%        5    ######.
 Borgnjor's Vile Clutch   Necr/Erth      #.........   100%        5    ######.
 Excruciating Wounds      Chrm/Necr      #.........   100%        5    ######.
 Iskenderun's Battlesphe  Conj/Chrm      #.......     100%        5    ######.
 Silence                  Hex/Air        #.........   100%        5    ######.
 Venom Bolt               Conj/Pois      #.........   100%        5    ######.
 Bolt of Fire             Conj/Fire      #.........   100%        6    #######
 Conjure Ball Lightning   Conj/Air       #.........   100%        6    #######
 Death Channel            Necr           #.........   100%        6    #######
 Freezing Cloud           Conj/Ice/Air   #.........   100%        6    #######
 Hydra Form               Tmut           #.........   100%        6    #######
 Iron Shot                Conj/Erth      #.........   100%        6    #######
 Simulacrum               Ice/Necr       #.........   100%        6    #######
 Statue Form              Tmut/Erth      #........    100%        6    #######
 Dragon Form              Tmut           #.........   100%        7    #######
 Orb of Destruction       Conj           #.........   100%        7    #######
 Spellforged Servitor     Conj/Summ      #.........   100%        7    #######
 Dragon's Call            Summ           #.........   100%        9    #######


Dungeon Overview and Level Annotations

Branches:
Dungeon (1/1)

Altars:
Ashenzari
Cheibriados
Dithmenos
Elyvilon
Fedhas
Gozag
Hepliaklqana
Kikubaaqudgha
Makhleb
Nemelex Xobeh
Okawaru
Qazlal
Ru
Sif Muna
Trog
Uskayaw
Vehumet
Wu Jian
Xom
Yredelemnul
Zin
The Shining One
Beogh
Jiyva
Lugonu


Innate Abilities, Weirdness & Mutations

You reflexively headbutt those who attack you in melee.
You have a pair of horns on your head.


Message History

A hell hound comes into view.
The hell hound barks!
You block the shadow imp's attack.
Unknown command.
You slice the shadow imp!!
You kill the shadow imp!
A crimson imp comes into view.
A hell knight comes into view.
It is wielding a +2 demon blade of flaming.
A necrophage comes into view.
A phantom comes into view.
You block the hell hound's attack.
A hell hound comes into view.
You block the hell hound's attack.
Unknown command.
Unknown command.
You slice the hell hound!!
You kill the hell hound!
You feel better. The hell hound breathes flames at you.
The blast of flame hits you!! The fire burns you terribly!
You die...

▓....)
.W...........▓..▓..
▓ ..5.........▓.▓▓▓.
▓W .......... ▓..▓.[
▓. .......▓ ▓.....
▓.▓▓▓nh...▓▓ ▓▓▓▓▓▓
▓..▓.......▓..▓....8
▓.............▓...|)
▓..@†..©......▓.....
▓▓▓▓▓▓▓▓▓▓▓▓▓▓▓.....
▓..... ▓..... ▓.....
▓.)▓.. ▓)▓)▓. ▓..▓).
▓.).).


You could see a phantom (wandering), a hell hound and a necrophage.

Vanquished Creatures
  Gastronok (D)
  Donald (D)
  Louise (D)
  Aizul (D)
  A deep elf sorcerer (D)
  A deep elf annihilator (D)
  Snorg (D)
  A deep elf high priest (D)
  3 death oozes (D)
  Erolcha (D)
  A naga warrior (D)
  3 anacondas (D)
  Erica (D)
  4 dancing weapons (D)
  Sonja (D)
  2 deep elf knights (D)
  A sixfirhy (D)
  A deep elf archer (D)
  A large abomination (D)
  5 deep elf magi (D)
  A shining eye (D)
  4 toenail golems (D)
  A guardian serpent (D)
  A naga mage (D)
  A smoke demon (D)
  A hellion (D)
  Prince Ribbit (D)
  2 slime creatures (D)
  A flying skull (D)
  3 water elementals (D)
  Sigmund (D)
  Eustachio (D)
  3 hell hounds (D)
  2 water moccasins (D)
  Edmund (D)
  Duvessa (D)
  4 orc warriors (D)
  8 phantoms (D)
  3 necrophages (D)
  Blork the orc (D)
  An earth elemental (D)
  Dowan (D)
  4 wights (D)
  3 quasits (D)
  2 jellies (D)
  An orc priest (D)
  An orc wizard (D)
  Jessica (D)
  Ijyb (D)
  2 adders (D)
  2 shadow imps (D)
  A white imp (D)
  4 ufetubi (D)
  2 oozes (D)
  2 adder zombies (D)
  4 adder skeletons (D)
  An orc (D)
  A bat skeleton (D)
  A giant cockroach zombie (D)
  2 jackal skeletons (D)
  A jackal zombie (D)
  A leopard gecko zombie (D)
  A quokka skeleton (D)
113 creatures vanquished.

Vanquished Creatures (collateral kills)
  An eidolon (D)
  A shining eye (D)
  Crazy Yiuf (D)
  An ooze (D)
4 creatures vanquished.

Vanquished Creatures (others)
  Nessos (D)
  A spatial maelstrom (D)
2 creatures vanquished.

Grand Total: 119 creatures vanquished

Notes
Turn   | Place    | Note
-------+----------+-------------------------------------------
     0 | D        | Found the +6 Majin-Bo {vamp, Archmagi MP+6 Int+6}
     0 | D        | Found the +7 great mace "Firestarter" {inner flame, rF++}
     0 | D        | dhn the Minotaur Fighter began the quest for the Orb.
     0 | D        | Reached XP level 1. HP: 19/19 MP: 0/0
     0 | D        | Found a deep blue altar of Sif Muna.
     0 | D        | Found a bloodstained altar of Trog.
     0 | D        | Found a sacrificial altar of Ru.
     0 | D        | Found a stormy altar of Qazlal.
     0 | D        | Found an iron altar of Okawaru.
     1 | D        | Found a sparkling altar of Nemelex Xobeh.
     1 | D        | Found a blossoming altar of Fedhas.
     3 | D        | Found a transporter.
     3 | D        | Found an ancient bone altar of Kikubaaqudgha.
     3 | D        | Found a viscous altar of Jiyva.
     3 | D        | Found a corrupted altar of Lugonu.
     3 | D        | Found a hazy altar of Hepliaklqana.
     3 | D        | Found a burning altar of Makhleb.
     3 | D        | Found an opulent altar of Gozag.
     3 | D        | Banished a spatial maelstrom
    21 | D        | Found the +9 heavy crossbow "Sniper" {velocity, Acc+∞ SInv}
    21 | D        | Found the +10 dark maul {crush}
    21 | D        | Found the +15 Maxwell's patent armour {-Cast -Tele rElec
                  | MR+ rCorr}
    21 | D        | Found the +18 shield of the Gong {rElec rN+ MR+ EV-5}
    21 | D        | Found the cursed +14 obsidian axe {chop, +Fly SInv *Curse}
    23 | D        | Found the +6 shillelagh "Devastator" {shatter}
    23 | D        | Found the +11 plutonium sword {*Contam Stlth-}
    23 | D        | Found the +8 lance "Wyrmbane" {slay drac, rPois rF+ rC+
                  | AC+3}
    23 | D        | Found the +9 sword of Zonguldrok {reap}
    23 | D        | Found the cursed +13 scythe of Curses {drain, *Curse}
    23 | D        | Found the +0 sword of Power
    23 | D        | Found the +7 mace of Variability {chain chaos}
    23 | D        | Found the +7 Singing Sword {slice, sonic wave}
    23 | D        | Found the +7 longbow "Piercer" {penet, EV-2}
   137 | D        | Entered arena 2.
   137 | D        | Noticed a deep elf archer
   137 | D        | Noticed a deep elf knight
   137 | D        | Found a transporter.
   144 | D        | Killed a deep elf archer
   144 | D        | Reached skill level 5 in Axes
   144 | D        | Reached skill level 10 in Armour
   144 | D        | Reached skill level 10 in Shields
   144 | D        | Reached skill level 1 in Evocations
   144 | D        | Reached XP level 2. HP: 38/38 MP: 0/2
   144 | D        | Reached XP level 3. HP: 45/45 MP: 0/3
   144 | D        | Reached XP level 4. HP: 51/51 MP: 0/4
   144 | D        | Reached XP level 5. HP: 58/58 MP: 0/5
   144 | D        | Reached XP level 6. HP: 66/66 MP: 0/6
   151 | D        | Killed a deep elf knight
   151 | D        | Reached XP level 7. HP: 70/74 MP: 0/7
   151 | D        | Reached XP level 8. HP: 78/82 MP: 0/8
   156 | D        | Got the ring of Vehumet's Envy {rElec rPois MR+ Dex-2
                  | Slay+2}
   219 | D        | Entered arena 3.
   219 | D        | Found a transporter.
   242 | D        | Entered arena 4.
   242 | D        | Found a transporter.
   290 | D        | Entered arena 5.
   290 | D        | Noticed a toenail golem
   290 | D        | Noticed a toenail golem
   290 | D        | Noticed a toenail golem
   290 | D        | Noticed a toenail golem
   290 | D        | Found a transporter.
   298 | D        | Killed a toenail golem
   302 | D        | Killed a toenail golem
   302 | D        | Reached XP level 9. HP: 88/91 MP: 8/10
   303 | D        | Killed a toenail golem
   303 | D        | Reached skill level 10 in Axes
   311 | D        | Killed a toenail golem
   334 | D        | Entered arena 6.
   334 | D        | Noticed a deep elf mage
   334 | D        | Noticed a +3 halberd of flaming
   334 | D        | Noticed a deep elf mage
   334 | D        | Noticed a +3 scimitar of electrocution
   334 | D        | Noticed a deep elf knight
   334 | D        | Found a transporter.
   338 | D        | Killed a +3 scimitar of electrocution
   341 | D        | Killed a deep elf knight
   341 | D        | Reached skill level 15 in Shields
   345 | D        | Killed a deep elf mage
   345 | D        | Reached XP level 10. HP: 26/101 MP: 11/11
   345 | D        | Killed a deep elf mage
   361 | D        | Killed a +3 halberd of flaming
   366 | D        | Got Sotoc's Compendium of Enchanting Ignition
   645 | D        | Entered arena 7.
   646 | D        | Found a transporter.
   681 | D        | Entered arena 8.
   682 | D        | Found a transporter.
   710 | D        | Entered arena 9.
   711 | D        | Found the ring of the Octopus King {rCorr AC+1 EV+1 Str+1
                  | Int+1 Dex+1}
   711 | D        | Identified the +7 spear of Pulog {pierce, rElec rN+ Dex+2
                  | SInv}
   711 | D        | Found a transporter.
   719 | D        | Reached skill level 15 in Axes
   731 | D        | Got the Catalogue of Assistive Fire
   752 | D        | Got a ring of the Octopus King {rCorr AC+1 EV+1 Str+1 Int+1
                  | Dex+1}
   759 | D        | Got the ring "Ukhevuu" {rF- rC+ MR++}
   874 | D        | Entered arena 10.
   875 | D        | Found a transporter.
   889 | D        | Reached skill level 1 in Stealth
   903 | D        | Got the Catalogue of the Helpful Mountains
   907 | D        | Got the Disquisition on Shifting Cold
   929 | D        | Got the +8 broad axe of Big Damage {flame, -Tele rElec MP+9
                  | SInv}
   992 | D        | Entered arena 11.
   992 | D        | Noticed Sigmund
   992 | D        | Noticed Jessica
   992 | D        | Noticed Blork the orc
   992 | D        | Noticed Duvessa
   992 | D        | Noticed Edmund
   992 | D        | Noticed Erica
   992 | D        | Noticed Erolcha
   992 | D        | Noticed Eustachio
   992 | D        | Noticed Gastronok
   993 | D        | Killed Jessica
   996 | D        | Killed Erolcha
   996 | D        | Killed Erica
   996 | D        | Reached XP level 11. HP: 111/111 MP: 13/13
   997 | D        | Killed Eustachio
  1001 | D        | Killed Edmund
  1002 | D        | Killed Blork the orc
  1005 | D        | Killed Duvessa
  1006 | D        | Found a transporter.
  1009 | D        | Killed Sigmund
  1015 | D        | Killed Gastronok
  1015 | D        | Reached skill level 1 in Dodging
  1218 | D        | Entered arena 12.
  1218 | D        | Noticed an anaconda
  1218 | D        | Noticed an anaconda
  1218 | D        | Noticed an anaconda
  1220 | D        | Noticed a naga warrior
  1225 | D        | Reached skill level 5 in Stealth
  1226 | D        | Killed an anaconda
  1226 | D        | Killed an anaconda
  1226 | D        | Reached skill level 15 in Fighting
  1229 | D        | Killed an anaconda
  1232 | D        | Killed a naga warrior
  1285 | D        | Found a transporter.
  1464 | D        | Entered arena 13.
  1465 | D        | Identified the +7 arbalest of Jaaschukh {venom, Dex+3}
  1466 | D        | Found a transporter.
  1602 | D        | Got the +8 war axe of the Eternal Warrior {protect, rPois
                  | rN+}
  1628 | D        | Got the Papyrus of Creation and Stones
  1656 | D        | Entered arena 14.
  1657 | D        | Noticed a deep elf mage
  1657 | D        | Noticed a deep elf annihilator
  1657 | D        | Noticed a deep elf mage
  1657 | D        | Noticed a +2 halberd of freezing
  1657 | D        | Noticed a +0 short sword of venom
  1657 | D        | Noticed a deep elf high priest
  1657 | D        | Noticed a deep elf sorcerer
  1660 | D        | Noticed a deep elf mage
  1667 | D        | Killed a deep elf mage
  1670 | D        | Killed a deep elf mage
  1671 | D        | Killed a deep elf annihilator
  1671 | D        | Reached skill level 15 in Armour
  1671 | D        | Reached skill level 5 in Evocations
  1671 | D        | Reached XP level 12. HP: 61/122 MP: 14/14
  1674 | D        | Killed a deep elf sorcerer
  1685 | D        | Killed a deep elf high priest
  1695 | D        | Found a transporter.
  1950 | D        | Got the Almanac of Flight and Confrontation
  1975 | D        | Entered arena 15.
  1975 | D        | Noticed Dowan
  1975 | D        | Noticed Prince Ribbit
  1975 | D        | Noticed Aizul
  1975 | D        | Noticed Sonja
  1975 | D        | Noticed Snorg
  1977 | D        | Noticed Nessos
  1977 | D        | Noticed Louise
  1978 | D        | Noticed Crazy Yiuf
  1979 | D        | Noticed Ijyb
  1980 | D        | Killed Dowan
  1981 | D        | Noticed Donald
  1985 | D        | Killed Sonja
  1987 | D        | Killed Crazy Yiuf
  1995 | D        | Killed Prince Ribbit
  1996 | D        | Killed Aizul
  1997 | D        | Killed Ijyb
  1999 | D        | Killed Snorg
  1999 | D        | Killed Nessos
  2005 | D        | Killed Donald
  2008 | D        | Killed Louise
  2012 | D        | Found a transporter.
  2374 | D        | Entered arena 16.
  2375 | D        | Noticed a death ooze
  2380 | D        | Noticed a death ooze
  2380 | D        | Noticed a death ooze
  2387 | D        | Killed a death ooze
  2387 | D        | Reached XP level 13. HP: 115/134 MP: 16/16
  2391 | D        | Killed a death ooze
  2394 | D        | Killed a death ooze
  2421 | D        | Found a transporter.
  2520 | D        | Got the amulet "Qykyrun" {Harm *Drain rC++ MR+}
  2586 | D        | Entered arena 17.
  2601 | D        | Noticed a starcursed mass
  2601 | D        | Noticed a starcursed mass
  2601 | D        | Noticed an eidolon
  2602 | D        | Found the +6 arbalest "Damnation" {damnation}
  2628 | D        | Killed an eidolon
  2630 | D        | HP: 2/136 [something (26)]
  2638 | D        | Found a transporter.
  2644 | D        | Entered arena 18.
  2645 | D        | Identified the amulet of Palas {Regen+ Str+8 Int+4 Stlth-}
  2651 | D        | Killed from afar by a hell hound

Skill      XL: |  1  2  3  4  5  6  7  8  9 10 11 12 13 |
---------------+----------------------------------------+-----
Fighting       | 9 11 12 13 14 15 17 18 | 18.5
Axes           | 5 7 9 13 16 19 20 | 20.8
Armour         | 10 11 12 13 14 15 16 17 | 17.1
Shields        | 10 11 13 15 16 17 20 | 20.8
Evocations     | 1 2 3 4 5 6 |  6.4
Stealth        | 3 6 |  6.9
Dodging        | 1 3 |  3.7

Action                   |  1- 3 |  4- 6 |  7- 9 | 10-12 | 13-15 || total
-------------------------+-------+-------+-------+-------+-------++-------
Melee: War axe           |     1 |     7 |    48 |    14 |       ||    70
       Headbutt          |     1 |     2 |    13 |    48 |    14 ||    78
       Broad axe         |       |       |       |   141 |    35 ||   176
Evoke: Wand              |     3 |     1 |     3 |     9 |       ||    16
       Sack of spiders   |       |       |       |     1 |     2 ||     3
       Phial of floods   |       |       |       |     1 |       ||     1
       Phantom mirror    |       |       |       |       |     1 ||     1
  Use: Potion            |     2 |       |       |     6 |     4 ||    12
       Scroll            |       |       |     1 |     3 |     3 ||     7
 Stab: Paralysed         |       |       |       |     1 |       ||     1
  Eat: Ration            |       |       |       |     1 |     1 ||     2
Armor: Plate armour      |     2 |     3 |    46 |    60 |     1 ||   112
       Shadow dragon sca |       |       |       |     6 |    25 ||    31
Dodge: Dodged            |       |     1 |    13 |    26 |    20 ||    60
Block: Shield            |     2 |     2 |    52 |    38 |       ||    94
       Large shield      |       |       |       |   143 |    65 ||   208
       Reflection        |       |       |       |     3 |     3 ||     6
